 Dungeon Crawl Stone Soup version 0.30-a0-23-ge60ba3568b (webtiles) character file.

Game seed: 8566239869923842458

4638 AttackTheMoon the Cleaver (level 10, -3/85 (90) HPs)
             Began as a Hill Orc Fighter on Aug 25, 2022.
             Slain by a wight
             ... wielding a +0 scimitar
              (8 damage)
             ... on level 9 of the Dungeon.
             The game lasted 00:12:40 (9578 turns).

AttackTheMoon the Cleaver (Hill Orc Fighter)        Turns: 9578, Time: 00:12:40

HP:   -3/85 (90)    AC: 10    Str: 24    XL:     10   Next: 43%
MP:   16/16         EV:  9    Int:  8    God:
Gold: 480           SH:  5    Dex: 10    Spells: 9/9 levels left

rFire   . . .      SeeInvis .    l - +2 hand axe (vorpal)
rCold   + . .      Faith    .    c - +0 buckler
rNeg    . . .      Spirit   .    b - +1 scale mail
rPois   +          Reflect  .    q - +0 helmet
rElec   .          Harm     .    (no cloak)
rCorr   .          Rampage  .    (no gloves)
Will    .....                    (no boots)
Stlth   ..........               (no amulet)
HPRegen 0.24/turn                k - ring of poison resistance
MPRegen 0.15/turn                o - ring of protection from cold

@: drained
A: no striking features
a: no special abilities


You were on level 9 of the Dungeon.
You visited 1 branch of the dungeon, and saw 9 of its levels.

You collected 480 gold pieces.

Inventory:

Hand Weapons
 a - a +0 war axe
 l - a +2 vorpal hand axe (weapon)
Armour
 b - a +1 scale mail (worn)
 c - a +0 buckler (worn)
 q - a +0 helmet (worn)
Jewellery
 g - a ring of protection from fire
 k - a ring of poison resistance (left hand)
 o - a ring of protection from cold (right hand)
 w - a +6 ring of intelligence
 y - a ring of resist corrosion
Wands
 x - a wand of digging (6)
Scrolls
 j - a scroll of magic mapping
 m - 3 scrolls of amnesia
 v - 2 scrolls of enchant armour
Potions
 d - a potion of degeneration
 f - 7 potions of curing
 h - a potion of berserk rage {unknown}
 i - a potion of mutation {unknown}
 n - a potion of heal wounds
 r - 3 potions of attraction {unknown}
 s - a potion of brilliance {unknown}
 t - a potion of flight
 u - 2 potions of lignification {unknown}
 z - a potion of resistance {unknown}
 A - a potion of cancellation {unknown}


   Skills:
 + Level 8.8 Fighting
 + Level 9.2 Axes
 + Level 8.1 Armour
 + Level 8.1 Shields
 + Level 8.6 Invocations


You had 9 spell levels left.
You didn't know any spells.
Your spell library contained the following spells:

 Spells                   Type           Power      Damage    Failure   Level
 Ignite Poison            Fire/Tmut/Pois 0%         N/A       98%         3
 Mephitic Cloud           Conj/Pois/Air  0%         N/A       98%         3
 Ozocubu's Armour         Ice            0%         N/A       98%         3
 Airstrike                Air            0%         2d(0-16)  100%        4
 Summon Lightning Spire   Summ/Air       0%         N/A       100%        4
 Freezing Cloud           Conj/Ice/Air   0%         6-21      100%        5
 Lightning Bolt           Conj/Air       0%         1d11      100%        5
 Metabolic Englaciation   Hex/Ice        0%         N/A       100%        5
 Summon Forest            Summ/Tloc      0%         N/A       100%        5
 Eringya's Noxious Bog    Tmut/Pois      0%         N/A       100%        6
 Simulacrum               Ice/Necr       0%         N/A       100%        6
 Ozocubu's Refrigeration  Ice            0%         4d7       100%        7
 Summon Hydra             Summ           0%         N/A       100%        7


Dungeon Overview and Level Annotations

Branches:
Dungeon (9/15)             Temple (0/1) D:6
   Lair: D:8-11         Orc: D:9-12

Altars:
Ashenzari
Hepliaklqana
Makhleb
Nemelex Xobeh
Vehumet

Shops:
D:2 :


Message History

* * * LOW HITPOINT WARNING * * *
You feel drained. The wight hits you but does no damage.
You slash the wight!
The wight is severely damaged.
You closely miss the wight. You block the wight's attack.
The wight hits you with a +0 morningstar.
* * * LOW HITPOINT WARNING * * *
You feel drained.
You hit the wight but do no damage.
The wight is severely damaged.
You hit the wight. You block the wight's attack. The wight barely misses you.
You hit the wight.
You destroy the wight!
You hit the wight but do no damage. The wight hits you with a +0 scimitar.
* * * LOW HITPOINT WARNING * * *
You hit the wight but do no damage. You barely miss the wight.
The wight hits you with a +0 scimitar!
* * * LOW HITPOINT WARNING * * *
You feel drained.
* * * LOW HITPOINT WARNING * * *
The wight hits you but does no damage.
You completely miss the wight. You hit the wight.
The wight hits you with a +0 scimitar.
* * * LOW HITPOINT WARNING * * *
You feel drained.
The wight hits you with a +5 dagger of freezing.
* * * LOW HITPOINT WARNING * * *
The wight freezes you.
* * * LOW HITPOINT WARNING * * *
You hit the wight.
The wight is lightly damaged.
You barely miss the wight. You closely miss the wight.
The wight is lightly damaged.
You hit the wight but do no damage. You block the wight's attack. x2
You hit the wight.
The wight is heavily damaged.
You closely miss the wight. You block the wight's attack.
The wight hits you with a +0 scimitar!
You die...

.. .. .... .#.# ##..#
...#..##..# #..#..##..#
# ##†.#..##..## #.
#<†.........
#..#)#.#...##.#
#...)......##.#
#..........##@#
.........>....zz#
#..#..........##.#
.........#.#..##.# #
.........#.#.)##.#.#####
..#.............)......
..#..#..~...###.#.#####
(.........# #.....
##.~......# #...###


You could see 2 wights.

Vanquished Creatures
  A two-headed ogre (D:8)
  2 steam dragons
  Eustachio (D:6)
  Edmund (D:6)
  3 water moccasins
  Duvessa (D:5)
  4 black bears
  3 ice beasts
  4 ogres
  A centaur (D:9)
  A phantom (D:6)
  Blork the orc (D:6)
  2 kobold brigands
  A bullfrog (D:7)
  A gnoll sergeant (D:8)
  2 scorpions
  Dowan (D:5)
  2 wights (D:9)
  13 killer bees
  2 howler monkeys (D:7)
  A jelly (D:7)
  A gnoll bouda (D:3)
  6 hounds
  Jessica (D:3)
  2 iguanas (D:7)
  7 orc wizards
  6 adders
  8 gnolls
  A shadow imp (D:7)
  2 white imps
  2 worms
  A dart slug (D:4)
  19 orcs
  6 endoplasms
  2 giant cockroaches
  7 goblins
  9 hobgoblins
  4 ball pythons
  11 bats
  4 frilled lizards
  11 kobolds
  8 rats
166 creatures vanquished.

Vanquished Creatures (others)
  An orc wizard (D:5)
  7 fungi
  17 plants (D:9)
25 creatures vanquished.

Grand Total: 191 creatures vanquished

Notes
Turn   | Place    | Note
-------+----------+-------------------------------------------
     0 | D:1      | AttackTheMoon the Hill Orc Fighter began the quest for the
                  | Orb.
     0 | D:1      | Reached XP level 1. HP: 19/19 MP: 1/1
   313 | D:1      | Reached XP level 2. HP: 27/27 MP: 2/2
   362 | D:1      | Reached skill level 3 in Axes
   452 | D:1      | Reached skill level 1 in Invocations
  1123 | D:2      | Reached XP level 3. HP: 33/33 MP: 3/3
  1270 | D:2      | Found Leyjaag's Book Shoppe.
  1861 | D:3      | Found a radiant altar of Vehumet.
  1922 | D:3      | Found a faded altar of an unknown god.
  1947 | D:3      | Reached XP level 4. HP: 40/40 MP: 5/5
  2009 | D:3      | Found a sparkling altar of Nemelex Xobeh.
  2015 | D:3      | Noticed Jessica
  2025 | D:3      | Killed Jessica
  2447 | D:3      | Reached XP level 5. HP: 47/47 MP: 6/6
  2929 | D:4      | Reached skill level 4 in Axes
  3178 | D:4      | Found a broken altar of Ashenzari.
  3224 | D:4      | Noticed a black bear
  3230 | D:4      | Reached XP level 6. HP: 52/53 MP: 8/8
  3703 | D:4      | Killed a black bear
  3704 | D:4      | Reached skill level 5 in Fighting
  3886 | D:4      | Noticed a black bear
  3905 | D:4      | Killed a black bear
  3906 | D:4      | Reached skill level 5 in Axes
  3906 | D:4      | Reached XP level 7. HP: 18/61 MP: 9/9
  4354 | D:5      | Entered Level 5 of the Dungeon
  4395 | D:5      | Noticed Dowan
  4395 | D:5      | Noticed Duvessa
  4418 | D:5      | Killed Dowan
  4419 | D:5      | Reached skill level 5 in Armour
  4424 | D:5      | Killed Duvessa
  4425 | D:5      | Reached skill level 5 in Shields
  4600 | D:5      | Reached XP level 8. HP: 55/70 MP: 11/11
  4809 | D:5      | Reached skill level 5 in Invocations
  4902 | D:5      | Reached skill level 6 in Axes
  5045 | D:5      | Found a large runed translucent door.
  5045 | D:5      | Found a large runed translucent door.
  5823 | D:5      | Found a hazy altar of Hepliaklqana.
  5937 | D:5      | Found a burning altar of Makhleb.
  5958 | D:6      | Noticed Edmund
  5958 | D:6      | Found a staircase to the Ecumenical Temple.
  5996 | D:6      | Killed Edmund
  6193 | D:6      | Noticed Eustachio
  6210 | D:6      | Killed Eustachio
  6331 | D:6      | Reached skill level 7 in Axes
  6331 | D:6      | Reached XP level 9. HP: 78/79 MP: 13/13
  7018 | D:6      | Noticed Blork the orc
  7044 | D:6      | Killed Blork the orc
  7830 | D:7      | Reached skill level 8 in Axes
  9014 | D:8      | Reached XP level 10. HP: 88/88 MP: 15/15
  9164 | D:8      | Noticed a two-headed ogre
  9175 | D:8      | Killed a two-headed ogre
  9497 | D:9      | Reached skill level 9 in Axes
  9578 | D:9      | Slain by a wight

Illustrated notes

Levels and vault maps discovered:
D:1:      dpeg_arrival_signposts, layout_basic
D:2:      layout_loops_ring, serial_shops, nicolae_shop_advertising_works
          [nicolae_subvault_shop_adworks], lemuel_old_faithful
D:3:      minmay_recursive_quarters, layout_rooms,
          mainiacjoe_overflow_surrounded_room, overflow_temple_1_default,
          shapermc_ecumenical_altar_totnotflames,
          corexii_item_surrounded_by_moat, uniq_jessica
D:4:      layout_basic, nicolae_ashenzari_panopticon
D:5:      layout_basic, jmf_multi_god_temple2, dreamdust_gnoll_farm,
          uniq_duvessa
D:6:      layout_loops_cross, minmay_temple_entry_trees, serial_rivers,
          chequers_serial_rivers_large_a, chequers_serial_rivers_large_b,
          chequers_serial_rivers_room_b, chequers_serial_rivers_small_3,
          uniq_edmund, uniq_eustachio, uniq_blork_the_orc
D:7:      layout_gridville, corexii_leaking_fountain
D:8:      minmay_s_stair_smasher, layout_basic, mainiacjoe_overflow_tiny_flanked
D:9:      layout_basic, kennysheep_mini_moat,
          mainiacjoe_overflow_concentric_impassable, nicolae_ru_awakened_eye,
          pdpol_wu_jian_five_deadly_venoms, minmay_lair_entry_grove,
          minmay_large_rounded_square

Skill      XL: |  1  2  3  4  5  6  7  8  9 10 |
---------------+-------------------------------+-----
Axes           | 3 4 5 7 8 9 |  9.2
Invocations    | 1 2 3 4 6 7 8 |  8.6
Fighting       | 4 5 7 8 |  8.8
Armour         | 4 5 6 7 8 |  8.1
Shields        | 4 5 6 7 8 |  8.1

Action                   |  1- 3 |  4- 6 |  7- 9 | 10-12 || total
-------------------------+-------+-------+-------+-------++-------
Melee: War axe           |   113 |    41 |       |       ||   154
       Hand axe          |       |    85 |   343 |    98 ||   526
Evoke: Wand              |       |       |       |     2 ||     2
  Use: Scroll            |     6 |     4 |     8 |     1 ||    19
       Potion            |       |       |     4 |     3 ||     7
 Stab: Invisible         |       |       |     1 |       ||     1
Armor: Scale mail        |    61 |    76 |   164 |    64 ||   365
Dodge: Dodged            |    71 |    61 |   157 |    45 ||   334
Block: Buckler           |    22 |    33 |    77 |    44 ||   176

Table legend: (Time is in decaauts)
 A = Elapsed time spent in this place.
 B = Non-inter-level travel time spent in this place.
 C = Inter-level travel time spent in this place.
 D = Time resting spent in this place.
 E = Time spent auto-exploring this place.
 F = Levels seen in this place.
 G = Mean time per level.
                   A        B        C        D        E       F      G
               +--------+--------+--------+--------+--------+-----+--------+
         Total |   9675 |   9457 |    218 |   1034 |   7061 |   9 | 1075.0 |
       Dungeon |   9675 |   9457 |    218 |   1034 |   7061 |   9 | 1075.0 |
               +--------+--------+--------+--------+--------+-----+--------+

Top non-repeatable levels by time:
     D:7: 1674 daAuts
     D:5: 1608 daAuts
     D:3: 1387 daAuts
     D:6: 1364 daAuts
     D:4: 1297 daAuts
     D:2: 965 daAuts
     D:1: 771 daAuts
     D:9: 354 daAuts
     D:8: 251 daAuts
